Map: Ley Lines

Players

Mutamaster - Winner!

  • Race: Zerg Zerg
  • League: Diamond
  • Spawn Location: 1:00

LigerMaNN

  • Race: Zerg Zerg
  • League: Diamond
  • Spawn Location: 7:00

VOD

Have the link to the VOD?

Description

Time

  • Played on: July 2, 2025, 11:35 p.m.
  • Length: 14:10
Show
View Real Time Build Order
Export as new Build Order

Mutamaster Zerg - Winner!

Build Orders: Hatch First 

Get SALT Encoding   

  12  0:09  Overlord  
  12  0:13  Drone  
  13  0:19  Drone  
  14  0:28  Drone  
  15  0:31  Drone  
  16  0:47  Hatchery  
  15  0:53  Drone  
  15  0:54  Drone  
  17  1:03  Drone  
  18  1:12  Spawning Pool  
  18  1:16  Extractor  
  18  1:17  Drone  
  17  1:25  Drone  
  18  1:35  Drone  
  19  1:46  Drone  
  20  1:59  Overlord  
  20  2:01  Queen x2  
  20  2:02  Zergling x2  
  20  2:08  Zergling x2  
  26  2:12  Drone  
  27  2:20  Metabolic Boost  
  27  2:22  Drone x2  
  29  2:35  Drone x2  
  31  2:54  Drone x4  
  35  3:05  Roach Warren  
  34  3:09  Evolution Chamber  
  34  3:10  Hatchery  
  32  3:13  Drone x3  
  32  3:14  Drone  
  36  3:21  Overlord  
  36  3:38  Queen  
  36  3:40  Drone  
  36  3:41  Drone  
  40  3:44  Drone x2  
  40  3:45  Drone x2  
  40  3:47  Extractor  
  43  3:48  Extractor  
  42  3:56  Drone x2, Overlord  
  42  3:57  Overlord x2  
  44  4:16  Drone x2  
  44  4:17  Drone x3  
  48  4:19  Lair  
  49  4:26  Evolution Chamber  
  48  4:36  Roach x4  
  48  4:37  Roach x2  
  60  4:41  Queen  
  62  4:46  Drone x4  
  66  4:53  Zerg Ground Armor Level 1  
  62  5:09  Drone x4  
  62  5:10  Drone x5  
  69  5:27  Evolution Chamber  
  68  5:33  Queen  
  68  5:34  Queen  
  69  5:39  Overlord x2  
  69  5:40  Overlord  
  69  5:41  Drone  
  69  5:42  Drone x4  
  74  5:48  Hydralisk Den  
  74  5:49  Roach  
  67  5:54  Roach x3  
  59  6:05  Roach x5  
  59  6:11  Evolution Chamber  
  68  6:14  Spine Crawler  
  67  6:23  Roach Warren  
  67  6:30  Zergling x2  
  67  6:31  Zergling x10  
  60  7:02  Grooved Spines  
  60  7:03  Zerg Ground Armor Level 2  
  60  7:05  Glial Reconstitution  
  61  7:08  Drone x2  
  61  7:09  Drone  
  61  7:13  Hatchery  
  56  7:53  Muscular Augments  
  56  8:02  Zerg Melee Weapons Level 1  
  56  8:03  Roach x4  
  56  8:04  Roach x5  
  74  8:11  Burrow  
  74  8:23  Tunneling Claws  
  74  8:28  Roach x7  
  74  8:30  Queen x2  
  92  8:44  Roach  
  92  8:45  Roach x2  
  92  8:46  Overlord  
  92  8:47  Overlord x6  
  98  9:04  Spine Crawler  
  98  9:09  Spine Crawler  
  88  9:14  Roach  
  88  9:15  Roach  
  85  9:20  Zerg Missile Weapons Level 1  
  71  9:25  Roach x4  
  71  9:26  Roach x9  
  91  9:53  Drone x7  
  91  9:54  Drone x3  
  91  9:57  Roach x5  
  97  10:04  Roach x13  
  79  10:33  Roach  
  79  10:34  Roach x8  
  79  10:35  Roach x6  
  105  10:40  Infestation Pit  
  105  10:41  Drone x3  
  100  11:04  Roach  
  100  11:05  Roach x9  
  100  11:06  Roach x2  
  118  11:24  Roach  
  118  11:25  Roach x6  
  132  11:29  Queen  
  132  11:32  Extractor x2  
  131  11:35  Roach  
  131  11:36  Roach x8  
  142  11:43  Roach x19  
  142  11:44  Roach x12  
  134  11:56  Roach x31  
  134  11:57  Roach x4  
  134  11:58  Roach x4  
  132  12:17  Roach  
  132  12:18  Roach x7  
  148  12:26  Roach x43  
  144  12:30  Roach x5  
  140  12:46  Hatchery, Extractor  
  140  12:50  Extractor  
  135  12:53  Roach x40  
  131  13:06  Overseer  
  131  13:08  Roach x4  
  131  13:09  Roach x5  
  141  13:35  Hydralisk  
  141  13:36  Hydralisk x5  
Show
View Real Time Build Order
Export as new Build Order

LigerMaNN Zerg 

Build Orders: Hatch First 

Get SALT Encoding   

  12  0:01  Drone  
  13  0:12  Overlord  
  13  0:17  Drone  
  14  0:31  Drone x2  
  14  0:35  Drone  
  17  0:51  Hatchery  
  17  0:54  Drone  
  17  0:57  Drone  
  18  1:08  Extractor  
  17  1:13  Spawning Pool  
  17  1:15  Drone  
  17  1:19  Drone  
  18  1:28  Drone  
  19  1:47  Overlord  
  19  1:54  Drone  
  20  2:00  Evolution Chamber  
  19  2:03  Queen x2  
  19  2:05  Zergling x2  
  19  2:06  Zergling x2  
  25  2:31  Zerg Ground Armor Level 1  
  25  2:37  Drone  
  25  2:38  Drone x5  
  31  2:57  Overlord  
  31  3:05  Overlord  
  31  3:13  Hatchery, Metabolic Boost  
  30  3:22  Zergling x8  
  30  3:23  Zergling x2  
  30  3:26  Zergling x2  
  36  3:28  Zergling x2  
  36  3:31  Zergling x2  
  36  3:33  Zergling x2  
  39  3:39  Overlord  
  39  3:47  Zergling x2  
  39  3:48  Zergling x6  
  42  3:55  Baneling Nest  
  42  3:57  Drone  
  42  3:58  Drone  
  42  4:01  Drone  
  45  4:04  Drone  
  46  4:20  Zergling x12  
  52  4:31  Queen  
  52  5:01  Zergling x12  
  53  5:08  Zergling x12  
  54  5:18  Zergling x6  
  53  5:28  Drone x5  
  52  5:30  Drone  
  52  5:35  Drone  
  53  5:48  Zergling x8  
  53  5:49  Zergling x8  
  57  6:09  Roach Warren  
  57  6:10  Lair  
  56  6:12  Evolution Chamber  
  56  6:13  Drone x3  
  57  6:25  Drone  
  58  6:28  Overlord x8  
  53  6:42  Zerg Missile Weapons Level 1  
  53  6:44  Drone  
  53  6:45  Drone x2, Extractor  
  53  6:47  Drone x3  
  53  6:48  Extractor  
  53  6:50  Drone x3  
  53  6:51  Drone  
  53  7:03  Roach x4  
  61  7:09  Glial Reconstitution  
  61  7:11  Roach  
  61  7:12  Roach  
  62  7:26  Roach x6  
  62  7:27  Zergling x2  
  69  7:41  Roach x5  
  69  7:43  Zergling x4  
  81  7:52  Drone x2  
  81  7:53  Drone  
  84  7:58  Queen  
  84  8:03  Roach  
  84  8:04  Roach x3  
  94  8:10  Ravager  
  94  8:11  Ravager  
  97  8:12  Zergling x2  
  97  8:13  Zergling x6  
  97  8:14  Zergling x2  
  97  8:19  Drone x3  
  104  8:24  Extractor  
  103  8:27  Drone  
  103  8:28  Drone  
  103  8:32  Drone  
  106  8:54  Zerg Missile Weapons Level 2  
  106  8:56  Zerg Ground Armor Level 2  
  106  8:59  Roach  
  106  9:00  Roach x2  
  106  9:01  Hatchery  
  91  9:20  Roach  
  91  9:21  Roach x8  
  91  9:24  Zergling x6  
  84  9:35  Roach  
  84  9:36  Roach x4  
  92  9:58  Overseer  
  92  9:59  Overseer  
  88  10:00  Overseer  
  88  10:02  Roach x8  
  96  10:18  Roach x4  
  96  10:19  Roach x3  
  106  10:24  Roach x2  
  106  10:36  Roach x5  
  106  10:38  Zergling x6  
  106  10:39  Zergling x8  
  119  10:59  Roach x6  
  119  11:06  Roach  
  119  11:07  Roach x2  
  123  11:12  Overlord x2  
  118  11:24  Roach x5  
  111  11:57  Roach  
  111  11:58  Roach x13  
  97  12:14  Drone x9  
  106  12:18  Roach x3  
  106  12:22  Roach x6  
  108  12:38  Roach x8  
  108  12:39  Roach  
  126  12:49  Roach  
  126  12:50  Roach x4  
  132  13:07  Roach x3  
  132  13:08  Overlord  
  132  13:09  Overlord x2  
  138  13:18  Ravager  
  133  13:24  Hatchery  
  132  13:30  Roach  
  132  13:31  Roach x4  
  142  13:41  Roach  
  142  13:48  Extractor  
  143  13:50  Extractor  
Tags
 
Matchup
ZvZ
Race
Zerg
Replay Pack
June 2025
Spawn Locations
Cross Positions
Add a new tag
Caveats
  • Supply blocks, unpowered buildings, or Contaminate may cause inaccurate times.
  • Supply counts are checked every 10 seconds.